Mecha, neutral female human Monk ---------------- |...........`..| ----- |..............| ##....| -------|-------- # |...| # ### |>..| # #############+...-# ------ # # # |...|# ###.`...| # # -----### |....| | # -----------### ##### # |@.... .%......| # #..........|# |f.d.| | # ###|.........|# +....| # # |`......<.-# ------ ###### ----------- # # --+--# |...|# |...-# |...| ----- Mecha the Initiate Experience level: 6 Strength: 18/02 Dexterity: 18 Constitution: 14 Intelligence: 8 Wisdom: 12 Charisma: 7 Health: 0(47) Energy: 28(28) Def: 8 Gold: 996 Moves: 3375 Dungeon seed: 48W9ZsAHdPEOMphQ Game ID: Mecha_1477240791 Your Inventory: Coins $ - 996 gold pieces Weapons S - a +3 dwarvish mattock Armor e - an uncursed +2 pair of leather gloves (being worn) n - an uncursed +1 robe (being worn) N - an uncursed +0 dwarvish iron helm (being worn) Comestibles d - 2 uncursed food rations f - 5 uncursed apples g - 7 uncursed oranges h - 3 uncursed fortune cookies i - an uncursed tin of goblin meat A - an uncursed tripe ration C - an uncursed slime mold K - 5 uncursed cram rations Q - an uncursed lembas wafer Scrolls b - a blessed scroll of identify R - an uncursed scroll of enchant armor Spellbooks a - a blessed spellbook of sleep z - an uncursed spellbook of confuse monster Potions c - 3 uncursed potions of healing G - an uncursed potion of gain energy I - a cursed potion of paralysis J - a cursed potion of booze T - an uncursed potion of see invisible Rings y - an uncursed ring of hunger Wands o - a wand of create monster (0:13) p - a wand of speed monster (0:1) H - a wand of digging (0:4) Tools l - an uncursed stethoscope q - an uncursed sack E - an uncursed tin whistle F - a cursed tallow candle (0:200) L - a cursed expensive camera (0:88) Spells and supernatural/magical abilities: Name Level Category Fail Memory u - confuse monster 2 enchantment 68% 92% z - sleep 1 enchantment 0% 84% W - pray for help -- divine ? -- Your skills at the end: Fighting Skills martial arts [Skilled] Weapon Skills Spellcasting Skills healing spells [Basic] Final Attributes: You were piously aligned. You were sleep resistant. You were poison resistant. You saw invisible. You were stealthy. You were fast. You are dead. Vanquished creatures: a ghost a giant beetle a winter wolf cub an owlbear a lizard 4 bugbears an imp a rock piercer a rock mole a shrieker 3 gnome lords a gnomish wizard a little dog a kitten a dwarf a homunculus a kobold lord 3 giant bats a werejackal an acid blob a gas spore 5 hobgoblins a giant rat 2 brown molds 2 gnomes 3 garter snakes 6 geckos 8 jackals 2 foxes 4 kobolds 3 goblins 2 sewer rats 6 grid bugs 4 lichens a kobold zombie 3 newts 80 creatures vanquished. Voluntary challenges: You were vegetarian. You never hit with a wielded weapon. You read items or engraved 6 times, starting on turn 205. You never genocided any monsters. You never polymorphed an object. You never changed form. You used no wishes. You never split a pudding. You never wrote Elbereth's name. You never violated your personal moral code. Dungeon overview: The Dungeons of Doom: levels 1 to 8 Level 1 a fountain a long staircase Level 2 a scroll shop, some fountains Level 3 an altar to Shan Lai Ching Level 4 a scroll shop stairs to The Gnomish Mines Level 5 a throne Level 6 a fountain Level 7 some fountains Level 8 <- You were here The Gnomish Mines: Level 5 stairs to The Dungeons of Doom History has recorded: On T:1 you entered the Dungeons of Doom to retrieve the Amulet of Yendor! On T:604 you advanced to experience level 2. On T:703 you reached level 2 of The Dungeons of Doom. On T:1209 you advanced to experience level 3. On T:1451 you reached level 3 of The Dungeons of Doom. On T:1665 you advanced to experience level 4. On T:1728 you reached level 4 of The Dungeons of Doom. On T:1777 you reached level 1 of The Gnomish Mines. On T:2150 you reached level 5 of The Dungeons of Doom. On T:2215 you advanced to experience level 5. On T:2305 you advanced to experience level 6. On T:2585 you reached level 6 of The Dungeons of Doom. On T:2893 you reached level 7 of The Dungeons of Doom. On T:3232 you reached level 8 of The Dungeons of Doom. Score breakdown: Gold: 996 (10200 points) Experience: 6 levels (12456 points) Exploration: 8 levels ( 16.33%) (11456 points) Discoveries: 8 items ( 2.86%) ( 5070 points) Valuables value: (no points given unless you survive) Artifact value: 0 ( 0 points) Variety of kills: 36 monsters ( 9.45%) ( 9221 points) Turncount: 3375 turns ( -773 points) Survival: died (score multiplied by 80%) Total score: 38104 Latest messages: The owlbear hits! (2x) You are being crushed. You hit the owlbear! You kill the owlbear! You see here an owlbear corpse. ÓãA eats an owlbear corpse. You displace ÓãA. You finish searching. (3x) You displace ÓãA. With great effort you move the boulder. The panther hits! (2x) The panther bites! You hit the panther. The panther hits! (2x) The panther bites! You hit the panther! (2x) The panther hits! You die... The sack is empty. The sack is empty. Final status: Goodbye Mecha the Monk, killed by a panther... You died in The Dungeons of Doom on dungeon level 8 with 38104 points, and 996 pieces of gold, after 3375 moves. You were level 6 with a maximum of 47 hit points when you died.